 Dungeon Crawl Stone Soup version 0.28.0-1-gb440e238dd (webtiles) character file.

Game seed: 1399204083518476746

13 Snicker the Sneak (level 2, -4/24 HPs)
             Began as a Demonspawn Delver on Feb 20, 2022.
             Slain by an orc (7 damage)
             ... on level 3 of the Dungeon.
             The game lasted 00:02:20 (812 turns).

Snicker the Sneak (Demonspawn Delver)                Turns: 812, Time: 00:02:21

Health: -4/24      AC:  3    Str: 12    XL:     2   Next: 24%
Magic:  2/2        EV: 11    Int: 11    God:
Gold:   0          SH:  0    Dex: 14    Spells: 1/1 levels left

rFire   . . .      SeeInvis .   a - +0 short sword
rCold   . . .      Faith    .   (no shield)
rNeg    . . .      Spirit   .   b - +0 leather armour
rPois   .          Reflect  .   (helmet restricted)
rElec   .          Harm     .   (no cloak)
rCorr   .          Rampage  .   (no gloves)
Will    .....                   (no boots)
Stlth   +++.......              (no amulet)
HPRegen 0.08/turn               (no ring)
MPRegen 0.08/turn               (no ring)

@: no status effects
A: antennae 1
a: no special abilities


You were on level 3 of the Dungeon.
You visited 1 branch of the dungeon, and saw 4 of its levels.

Inventory:

Hand Weapons
 a - a +0 short sword (weapon)
Armour
 b - a +0 leather armour (worn)
Wands
 g - a wand of digging (3)
Scrolls
 c - a scroll of fog
 d - a scroll of magic mapping
 h - a scroll of fear
Potions
 e - a potion of berserk rage {unknown}
 f - a potion of haste
 i - a potion of brilliance {unknown}


   Skills:
 + Level 3.1 Fighting
 * Level 1.7 Short Blades
 + Level 1.7 Dodging
 * Level 4.9 Stealth


You had one spell level left.
You didn't know any spells.
Your spell library contained the following spells:

 Spells                   Type           Power      Damage    Failure   Level
 Animate Skeleton         Necr           0%         N/A       41%         1
 Apportation              Tloc           0%         N/A       41%         1
 Summon Small Mammal      Summ           0%         N/A       41%         1


Dungeon Overview and Level Annotations

Branches:
Dungeon (6/15)
 Temple: D:4-7

Altars:


Innate Abilities, Weirdness & Mutations

You have a pair of small antennae on your head.


Message History

The orc shouts!
The orc shouts!
You enter the shallow water.
Moving in this stuff is going to be slow.
The orc misses you. The orc barely misses you.
You barely miss the orc. The orc closely misses you.
You hit the orc.
The orc is heavily wounded.
The orc hits you with a +0 short sword.
You closely miss the orc.
The orc is heavily wounded.
The orc closely misses you.
You hit the orc.
You kill the orc!
You hit the orc.
The orc is heavily wounded.
The orc hits you with a +0 mace!
You hit the orc but do no damage.
The orc is heavily wounded.
The orc hits you with a +0 mace.
You hit the orc.
The orc is severely wounded.
The orc closely misses you.
You barely miss the orc.
The orc is severely wounded.
The orc barely misses you.
Unknown command.
You hit the orc but do no damage.
The orc is severely wounded.
The orc hits you with a +0 mace.
* * * LOW HITPOINT WARNING * * *
Unknown command.
You hit the orc but do no damage.
The orc is severely wounded.
The orc barely misses you.
You barely miss the orc. You punch the orc, but do no damage.
The orc is severely wounded.
The orc hits you with a +0 mace!
You die...

#<....# #♣♣≈.≈≈♣#.#..# #.....#
#≈♣≈.≈≈≈#.#..# #.....#
♣≈≈.≈≈≈♣.#..≈P♣ #....#####
♣≈≈.≈≈≈♣≈##♣♣≈≈ #........#
♣≈≈.≈≈≈♣♣♣ ♣≈≈ #...####.#
♣♣≈≈.PP≈♣♣ ♣♣♣≈≈ ##.##
#.######≈♣P.≈≈≈P♣♣♣≈P≈≈ #.#
#......#.≈≈.≈≈≈≈P≈≈P≈≈≈ #.#
######@#.)♣.≈≈≈≈≈≈≈≈≈≈≈ #.#
#######o#..)..).........
#.####............≈≈≈≈≈≈≈≈≈P≈
#............#..♣PP≈≈≈≈≈≈≈≈≈≈
#.####.####.....≈P≈≈P≈≈≈≈≈≈≈≈
.####.####.#####.#..#♣≈≈≈≈≈P≈≈≈≈P
..............##.#..##♣P≈≈≈≈≈≈≈♣♣
.####.####.##.......##.♣≈P≈≈≈♣♣♣
......# #.#####....)...≈≈≈PP♣


You could see an orc.

Vanquished Creatures
  5 orcs (D:3)
  A giant cockroach (D:4)
  A goblin (D:3)
7 creatures vanquished.

Vanquished Creatures (others)
  30 plants (D:3)
30 creatures vanquished.

Grand Total: 37 creatures vanquished

Notes
Turn   | Place    | Note
-------+----------+-------------------------------------------
     0 | D:5      | Snicker the Demonspawn Delver began the quest for the Orb.
     0 | D:5      | Reached XP level 1. HP: 18/18 MP: 1/1
     1 | D:6      | Noticed an orc priest
     1 | D:6      | Noticed an orc wizard
    19 | D:5      | Noticed a scorpion
   554 | D:3      | Gained mutation: You have a pair of small antennae on your
                  | head. [demonic ancestry]
   554 | D:3      | Reached XP level 2. HP: 18/24 MP: 2/2
   812 | D:3      | Slain by an orc

Illustrated notes

Levels and vault maps discovered:
D:3:      layout_loops_ring, ebering_ghost_inner_flame, serial_bayou,
          serial_bayou_lagoon_b, serial_bayou_shore_b, serial_bayou_shore_b,
          serial_bayou_lagoon_a
D:4:      layout_loops_corners, minmay_temple_entry_waves
D:5:      cheibrodos_barr_body, layout_cave_pools, serial_shops, shop,
          minmay_misc_feat_encased, kennysheep_generic_room_2, uniq_ijyb
D:6:      corexii_shantytown, layout_rooms, portal_sewer_entry_e,
          serial_bayou_crossing

Action                   || total
-------------------------++-------
Melee: Short sword       ||    36
       Punch             ||     1
  Use: Scroll            ||     1
 Stab: Sleeping          ||     1
Armor: Leather armour    ||     3
Dodge: Dodged            ||    13
